 Dungeon Crawl Stone Soup version 0.24.0-7-gb3623d2c88 (webtiles) character file.

Game seed: 11421470174551013832, levelgen mode: deterministic

6414 FishyPogo the Eclecticist (level 10, 0/50 HPs)
             Began as a Deep Elf Fire Elementalist on Nov 2, 2019.
             Was a Priest of Vehumet.
             Shot with a sling bullet by Joseph (16 damage)
             ... on level 9 of the Dungeon.
             The game lasted 00:37:25 (8677 turns).

FishyPogo the Eclecticist (DEFE)                    Turns: 8677, Time: 00:37:26

Health: 0/50       AC: 11    Str:  5    XL:     10   Next: 66%
Magic:  26/31      EV: 13    Int: 24    God:    Vehumet [***...]
Gold:   553        SH:  6    Dex: 15    Spells: 25/39 levels left

rFire    . . .     SeeInvis .   B - staff of summoning
rCold    . . .     Gourm    .   i - +1 buckler
rNeg     . . .     Faith    .   x - +0 troll leather armour {Purgy}
rPois    +         Spirit   .   (no helmet)
rElec    .         Reflect  .   (no cloak)
rCorr    .         Harm     .   (no gloves)
MR       +....                  J - +2 pair of boots
Stlth    ++........             (no amulet)
HPRegen  0.56/turn              r - ring of poison resistance
MPRegen  0.22/turn              h - +4 ring of protection

@: no status effects
A: no striking features
a: Renounce Religion


You were on level 9 of the Dungeon.
You worshipped Vehumet.
Vehumet was most pleased with you.
You were not hungry.

You visited 1 branch of the dungeon, and saw 9 of its levels.
You also visited: Sewer.

You collected 553 gold pieces.

Inventory:

Hand Weapons
 s - a +2 dagger of draining
Missiles
 a - 9 poisoned darts
 b - 3 boomerangs
 d - 303 stones (quivered)
 t - 8 curare-tipped darts
 D - 3 throwing nets
 K - 8 silver boomerangs
Armour
 i - a +1 buckler (worn)
 x - a +0 troll leather armour (worn) {Purgy}
 J - a +2 pair of boots (worn)
Magical Staves
 y - an uncursed staff of power
 B - an uncursed staff of summoning (weapon)
 H - an uncursed staff of air
Jewellery
 h - a +4 ring of protection (right hand)
 r - a ring of poison resistance (left hand)
Wands
 k - a wand of polymorph (11)
 m - a wand of digging (4)
 w - a wand of enslavement (7)
 C - a wand of paralysis (11)
 L - a wand of iceblast (7)
Scrolls
 e - 7 scrolls of remove curse
 f - 3 scrolls of teleportation
 j - 10 scrolls of identify
 l - 3 scrolls of enchant armour
 v - 2 scrolls of enchant weapon
 z - 3 scrolls of fog {unknown}
 F - a scroll of fear {unknown}
 G - 2 scrolls of immolation {unknown}
 M - a scroll of acquirement {unknown}
Potions
 g - 2 potions of invisibility {unknown}
 n - 4 potions of agility {unknown}
 o - 6 potions of flight {unknown}
 p - 4 potions of curing {unknown}
 q - 2 potions of brilliance
 u - a potion of degeneration {unknown}
 A - a potion of might
 I - a potion of cancellation {unknown}
Comestibles
 c - 24 rations
 E - 5 chunks of flesh


   Skills:
 - Level 4.0 Dodging
 - Level 4.0 Stealth
 - Level 4.0 Shields
 * Level 15.1 Spellcasting
 + Level 9.4 Conjurations
 - Level 4.0 Fire Magic


You had 25 spell levels left.
You knew the following spells:

 Your Spells              Type           Power        Failure   Level  Hunger
a - Flame Tongue          Conj/Fire      #####        1%          1    None
b - Shock                 Conj/Air       ####         1%          1    None
c - Conjure Flame         Conj/Fire      ######..     1%          3    None
d - Throw Frost           Conj/Ice       #####.       1%          2    None
e - Magic Dart            Conj           ####         1%          1    None
f - Throw Flame           Conj/Fire      ######       1%          2    None
y - Sticky Flame          Conj/Fire      ######..     1%          4    None

Your spell library contained the following spells:

 Spells                   Type           Power        Failure   Level  Hunger
 Inner Flame              Hex/Fire       ####....     1%          3    None
 Fireball                 Conj/Fire      ######....   2%          5    ##.....


Dungeon Overview and Level Annotations

Branches:
Dungeon (9/15)             Temple (0/1) D:4            Lair (0/6) D:9
  Sewer (visited)
    Orc: D:9-12

Altars:
Ashenzari
Elyvilon
Fedhas
Hepliaklqana
Qazlal
Trog
Vehumet
Wu Jian
Xom
Yredelemnul
Zin
The Shining One

Shops:
D:8 %

Annotations:
D:4 4 exclusions, Menkaure
D:8 2 runed translucent doors
D:9 Joseph


Message History

Joseph is lightly wounded.
Joseph shoots a sling bullet.
The sling bullet hits you!
Casting: Flame Tongue (safe; 1% risk of failure)
Confirm with . or Enter, or press ? or * to list all spells.
Aiming: Flame Tongue (safe; 1% risk of failure)
Press: ? - help, Shift-Dir - straight line, f/p - Joseph
Aim: Joseph, wielding a +2 hunting sling of velocity and wearing a +0 leather armour (lightly wounded)
The flame tongue hits Joseph.
Joseph is moderately wounded.
Joseph shoots a sling bullet.
The sling bullet hits you!
* * * LOW HITPOINT WARNING * * *
Casting: Flame Tongue (safe; 1% risk of failure)
Confirm with . or Enter, or press ? or * to list all spells.
Aiming: Flame Tongue (safe; 1% risk of failure)
Press: ? - help, Shift-Dir - straight line, f/p - Joseph
Aim: Joseph, wielding a +2 hunting sling of velocity and wearing a +0 leather armour (moderately wounded)
The flame tongue hits Joseph!
Joseph is heavily wounded.
Joseph shoots a sling bullet.
The sling bullet hits you!
You die...

#.###.##.#
#..#.###.##.#
#..#.#....#.#
#..#.#.####.###
#..#.#........#
##@.#.#..###.#.#
...#.#<.# #.#.#
#.##.#..# #.#.#
#@##.##.###.#.#
#.##........#.#
#...........#.#
#############.#


You could see Joseph.

Vanquished Creatures
  Grinder (D:5)
  Sigmund (D:2)
  6 yaks
  10 humans (D:8)
  A water moccasin (D:6)
  Purgy (Sewer)
  3 porcupines (D:9)
  A sky beast (D:5)
  2 ice beasts (D:5)
  2 black bears
  2 eyes of draining (D:4)
  2 orc warriors
  A phantom (D:8)
  4 ogres
  A centaur (D:5)
  A bullfrog (D:7)
  A big kobold (D:6)
  A wyvern skeleton (D:6)
  5 scorpions
  6 killer bees (D:8)
  A howler monkey (D:6)
  4 wights (D:6)
  2 centaur zombies
  A crimson imp (D:6)
  A bullfrog zombie (D:6)
  A jelly (D:9)
  A bullfrog skeleton (D:7)
  2 centaur skeletons
  An orc priest (D:4)
  4 hounds
  4 orc wizards
  Jessica (D:2)
  A gnoll shaman (D:7)
  4 iguanas
  6 worker ants
  A killer bee zombie (D:8)
  A worker ant zombie (D:5)
  4 gnolls (D:7)
  8 adders
  A shadow imp (D:6)
  An adder skeleton (D:6)
  4 worms
  5 leopard geckos
  21 orcs
  8 giant cockroaches
  12 goblins
  7 hobgoblins
  14 jackals
  8 kobolds
  2 quokkas (D:4)
  7 ball pythons
  6 bats
  11 frilled lizards
  A jackal skeleton (D:6)
  9 rats
  A plant (D:6)
218 creatures vanquished.

Vanquished Creatures (others)
  3 toadstools (D:2)
3 creatures vanquished.

Grand Total: 221 creatures vanquished

Notes
Turn   | Place    | Note
-------+----------+-------------------------------------------
     0 | D:1      | FishyPogo the Deep Elf Fire Elementalist began the quest
                  | for the Orb.
     0 | D:1      | Reached XP level 1. HP: 10/10 MP: 6/6
   195 | D:1      | Reached XP level 2. HP: 13/15 MP: 6/8
   199 | D:1      | Learned a level 2 spell: Throw Flame
   786 | D:1      | Reached XP level 3. HP: 19/19 MP: 7/9
   791 | D:1      | Learned a level 3 spell: Conjure Flame
   908 | D:2      | Noticed Jessica
   910 | D:2      | Killed Jessica
   998 | D:2      | Noticed Sigmund
  1047 | D:2      | Reached XP level 4. HP: 24/24 MP: 8/11
  1066 | D:2      | Learned a level 4 spell: Sticky Flame
  1178 | D:2      | Killed Sigmund
  1178 | D:2      | Reached skill level 1 in Shields
  1178 | D:2      | Reached skill level 4 in Spellcasting
  1178 | D:2      | Reached XP level 5. HP: 28/28 MP: 0/14
  1370 | D:2      | Noticed an angel
  1372 | D:2      | Found a glowing silver altar of Zin.
  1372 | D:2      | Found a shimmering altar of Xom.
  1806 | D:3      | Reached skill level 5 in Spellcasting
  1865 | D:3      | Reached XP level 6. HP: 19/32 MP: 5/15
  2209 | D:3      | Found a blossoming altar of Fedhas.
  2210 | D:3      | Found a basalt altar of Yredelemnul.
  2242 | D:3      | Found a radiant altar of Vehumet.
  2244 | D:3      | Found a shattered altar of Ashenzari.
  2533 | D:3      | Found a white marble altar of Elyvilon.
  2535 | D:3      | Became a worshipper of Vehumet
  2774 | D:4      | Noticed Menkaure
  2802 | D:4      | Found a staircase to the Ecumenical Temple.
  3180 | D:4      | Reached skill level 6 in Spellcasting
  3180 | D:4      | Reached XP level 7. HP: 36/36 MP: 10/18
  3181 | D:4      | Found a bloodstained altar of Trog.
  3962 | D:5      | Entered Level 5 of the Dungeon
  4023 | D:5      | Reached skill level 7 in Spellcasting
  4214 | D:5      | Reached XP level 8. HP: 31/41 MP: 8/21
  4219 | D:5      | Found a glowing drain.
  4235 | Sewer    | Entered a sewer
  4342 | Sewer    | Noticed Purgy
  4349 | Sewer    | Killed Purgy
  4349 | Sewer    | Reached skill level 8 in Spellcasting
  4361 | Sewer    | Reached * piety under Vehumet
  4361 | Sewer    | Offered knowledge of Magic Dart by Vehumet.
  4556 | D:5      | Learned a level 1 spell: Magic Dart
  4570 | D:5      | Noticed Grinder
  4584 | D:5      | Killed Grinder
  4584 | D:5      | Reached skill level 9 in Spellcasting
  4584 | D:5      | Reached skill level 5 in Conjurations
  5193 | D:6      | Reached skill level 10 in Spellcasting
  5249 | D:6      | Found a hazy altar of Hepliaklqana.
  5462 | D:6      | Reached XP level 9. HP: 39/45 MP: 17/25
  5700 | D:6      | Reached skill level 11 in Spellcasting
  5768 | D:6      | Offered knowledge of Shock by Vehumet.
  5774 | D:6      | Learned a level 1 spell: Shock
  5846 | D:6      | Reached ** piety under Vehumet
  5850 | D:6      | Found an ornate altar of the Wu Jian Council.
  6315 | D:7      | Found a stormy altar of Qazlal.
  6385 | D:7      | Found a hazy altar of Hepliaklqana.
  6645 | D:7      | Found a glowing golden altar of the Shining One.
  6745 | D:7      | Reached skill level 12 in Spellcasting
  7132 | D:8      | Found Terex's Food Boutique.
  7364 | D:8      | Found a runed translucent door.
  7364 | D:8      | Found a runed translucent door.
  7401 | D:8      | Offered knowledge of Throw Frost by Vehumet.
  7410 | D:8      | Reached skill level 13 in Spellcasting
  7431 | D:8      | Reached XP level 10. HP: 39/50 MP: 2/29
  7660 | D:7      | Reached skill level 14 in Spellcasting
  7862 | D:8      | Found a runed translucent door.
  7868 | D:8      | Found a runed translucent door.
  7886 | D:8      | Found a runed translucent door.
  8420 | D:9      | Reached *** piety under Vehumet
  8426 | D:9      | Reached skill level 15 in Spellcasting
  8466 | D:9      | Found a staircase to the Lair.
  8495 | D:9      | Learned a level 2 spell: Throw Frost
  8669 | D:9      | Noticed Joseph
  8677 | D:9      | Shot with a sling bullet by Joseph

Levels and vault maps discovered:
D:1:      tarquinn_simple_flora_water_f, layout_loops_corners
D:2:      minmay_door_path, layout_rooms,
          grunt_temple_overflow_order_and_chaos_1, minmay_misc_feat_room,
          minmay_gold_behind_fungi, uniq_sigmund, uniq_jessica
D:3:      layout_rooms, nicolae_overflow_hidden_temple,
          gammafunk_temple_overflow_wave
D:4:      layout_layer_cave, trog_eyes_of_draining,
          minmay_temple_entry_gardened_gates, minmay_hedge_maze, uniq_menkaure
D:5:      layout_loops_corners, portal_sewer_entry_b, first_ration, uniq_grinder
D:6:      layout_basic, old_standard_altar, nicolae_overflow_crystal_walls,
          lexackson_kobold_supper
D:7:      layout_basic, overflow_temple_1_default, overflow_temple_1_default,
          basic_altar, grunt_ogre_cave
D:8:      erik_cavepeople, layout_loops_corners, serial_shops,
          nicolae_shop_crystal
D:9:      layout_basic, kennysheep_mini_moat, grunt_lair_entry_orc_guard_hut,
          uniq_joseph

Skill      XL: |  1  2  3  4  5  6  7  8  9 10 |
---------------+-------------------------------+-----
Stealth        | 3 4 |  4.0
Fire Magic     | 4 |  4.0
Dodging        | 3 4 |  4.0
Shields        | 1 2 4 |  4.0
Spellcasting   | 4 5 6 7 10 13 15 | 15.1
Conjurations   | 2 3 4 6 8 9 |  9.4

Action                   |  1- 3 |  4- 6 |  7- 9 | 10-12 || total
-------------------------+-------+-------+-------+-------++-------
Melee: Unarmed           |     2 |     1 |       |       ||     3
       Dagger            |       |    14 |    92 |       ||   106
       Staff             |       |       |     2 |     4 ||     6
 Cast: Flame Tongue      |    44 |    95 |   291 |   168 ||   598
       Throw Flame       |     6 |    31 |    46 |       ||    83
       Conjure Flame     |       |     1 |     6 |       ||     7
       Sticky Flame      |       |       |     7 |       ||     7
       Magic Dart        |       |       |     9 |       ||     9
       Shock             |       |       |     5 |     6 ||    11
  Use: Potion            |       |     1 |       |       ||     1
       Scroll            |       |     9 |     1 |     1 ||    11
 Stab: Sleeping          |     1 |     2 |       |       ||     3
  Eat: Chunk             |       |     7 |    12 |     5 ||    24
Armor: Robe              |     1 |       |       |       ||     1
       Leather armour    |       |     8 |    11 |       ||    19
       Troll leather arm |       |       |    54 |    29 ||    83
Dodge: Dodged            |     8 |    33 |   113 |    45 ||   199
Block: Buckler           |       |     4 |    63 |    35 ||   102
